 Dungeon Crawl Stone Soup version 0.18.1-50-g88ac8fd (webtiles) character file.

6940 manyhoops the Basher (level 11, 0/120 HPs)
             Began as an Ogre Hunter on Oct 25, 2016.
             Was an Elder of Okawaru.
             Succumbed to an orc warrior's poison
             ... on level 9 of the Dungeon.
             The game lasted 00:26:03 (9962 turns).

manyhoops the Basher (Ogre Hunter)                  Turns: 9962, Time: 00:26:04

Health: 0/120      AC:  8    Str: 22    XL:     11   Next: 7%
Magic:  11/11      EV: 12    Int: 10    God:    Okawaru [****..]
Gold:   348        SH:  0    Dex: 10    Spells: 0 memorised, 10 levels left

rFire  . . .     SeeInvis .     J - +6 mace (crush)
rCold  + . .     Gourm    .     O - +2 robe {rC+}
rNeg   . . .     Faith    .     (no shield)
rPois  .         Spirit   .     (helmet restricted)
rElec  .         Dismiss  .     k - +2 cloak
rCorr  .         Reflect  .     (gloves unavailable)
SustAt .         Harm     .     (boots unavailable)
MR     ++...                    (no amulet)
Stlth  +.........               r - +2 ring of evasion
                                S - ring of protection from magic

@: lethally poisoned (0 -> -34), very slightly contaminated, very resistant to
hostile enchantments, very unstealthy
A: unfitting armour, tough skin 1
a: Heroism, Renounce Religion


You were on level 9 of the Dungeon.
You worshipped Okawaru.
Okawaru was greatly pleased with you.
You were not hungry.

You visited 2 branches of the dungeon, and saw 11 of its levels.

You collected 543 gold pieces.
You spent 195 gold pieces at shops.

Inventory:

Hand Weapons
 h - a +2 hunting sling of freezing
 q - a +0 giant spiked club
 J - a +6 mace of crushing (weapon)
Missiles
 l - 66 stones (quivered)
 Q - 4 throwing nets
Armour
 k - a +2 cloak (worn)
 O - a +2 robe of cold resistance (worn)
Jewellery
 d - an uncursed ring of ice
 r - a +2 ring of evasion (right hand)
 z - an uncursed ring of ice
 G - an uncursed ring of protection from fire
 S - a ring of protection from magic (left hand)
Wands
 c - a wand of slowing (26/48)
 j - a wand of teleportation (3/9)
 m - a wand of teleportation (0/9)
 A - a wand of random effects (13/48)
 C - a wand of slowing (11/48)
 E - a wand of flame (11/48)
 K - a wand of slowing (15/48)
 P - a wand of slowing (13/48)
 U - a wand of acid (10/15)
Scrolls
 b - a scroll of immolation {unknown}
 e - 6 scrolls of remove curse
 g - 5 scrolls of teleportation
 p - 2 scrolls of magic mapping
 s - 6 scrolls of amnesia
 v - 2 scrolls of noise
 y - 2 scrolls of recharging
 F - a scroll of enchant armour {unknown}
 N - a scroll of torment {unknown}
 R - 4 scrolls of identify
Potions
 a - a potion of curing
 n - 4 potions of brilliance
 t - 3 potions of haste
 u - a potion of degeneration
 w - a potion of ambrosia
 B - a potion of invisibility
 L - a potion of flight
 W - a potion of might {unknown}
 X - a potion of mutation {unknown}
 Y - a potion of cure mutation {unknown}
Books
 I - a book of Summonings

   Spells                             Type                      Level
   a - Recall                         Summoning/Translocation      3
   b - Aura of Abjuration             Summoning                    5
   c - Summon Demon                   Summoning                    5
   d - Summon Forest                  Summoning/Translocation      5
   e - Summon Mana Viper              Hexes/Summoning              5
   f - Shadow Creatures               Summoning                    6
 T - a book of Minor Magic

   Spells                             Type                      Level
   a - Magic Dart                     Conjuration                  1
   b - Blink                          Translocation                2
   c - Call Imp                       Summoning                    2
   d - Repel Missiles                 Charms/Air                   2
   e - Slow                           Hexes                        2
   f - Conjure Flame                  Conjuration/Fire             3
   g - Mephitic Cloud                 Conjuration/Poison/Air       3
Comestibles
 f - 6 bread rations
 o - 9 meat rations
 x - 8 slices of pizza
 D - 5 fruits
 M - 2 beef jerkies


   Skills:
 + Level 11.2 Fighting
 * Level 13.4 Maces & Flails
 + Level 10.2 Throwing
 - Level 1.7 Dodging
 - Level 0.7 Stealth
 - Level 0.2 Invocations
 - Level 0.5 Evocations


You had 10 spell levels left.
You didn't know any spells.

Dungeon Overview and Level Annotations

Branches:
Dungeon (10/15)            Temple (1/1) D:5            Lair (0/8) D:8
    Orc: D:9-12

Altars:
Ashenzari
Cheibriados
Dithmenos
Elyvilon
Fedhas
Gozag
Kikubaaqudgha
Makhleb
Nemelex Xobeh
Okawaru
Pakellas
Qazlal
Ru
Sif Muna
Trog
Vehumet
Xom
Yredelemnul
Zin
The Shining One

Shops:
D:6 ((:?   D:7 :

Annotations:
D:3 Rationalist's ghost, amateur DsGl
D:10 Fannar


Innate Abilities, Weirdness & Mutations

You are too large for most types of armour.
You have tough skin (AC +1).


Message History

You feel very sick.
Blink to where?
Press: ? - help, Dir - move target cursor You are very lightly contaminated with residual magic.
As you read the scroll of blinking, it crumbles to dust.
* * * LOW HITPOINT WARNING * * *
You feel very sick.
Found 16 gold pieces.
Found a stone staircase leading up.
* * * LOW HITPOINT WARNING * * *
You feel very sick.
* * * LOW HITPOINT WARNING * * *
You feel very sick.
Found a stone staircase leading down.
* * * LOW HITPOINT WARNING * * *
You feel very sick.
There is a stone staircase leading up here.
* * * LOW HITPOINT WARNING * * *
You feel very sick.
You climb upwards.
You die...

###...## #.....# #.##.##
#.##### ###'#..# ##'#######
#>....## #........# # #.....#
#........########## #.....#
#........'........^
#.....#####........##########
#.....##..'........#
#.....'..##.@......#
#.....#####........# #######
##########


There were no monsters in sight!

Vanquished Creatures
  Harold (D:10)
  Psyche (D:8)
  2 trolls (D:9)
  Grinder (D:6)
  5 yaks (D:9)
  A human (D:7)
  A hungry ghost (D:7)
  3 hippogriffs
  Menkaure (D:7)
  A water moccasin (D:8)
  An ice beast (D:5)
  A black bear (D:8)
  4 sky beasts
  3 phantoms
  3 centaurs
  6 ogres
  A big kobold (D:8)
  4 giant frogs
  A water moccasin zombie (D:8)
  3 scorpions
  11 killer bees
  2 howler monkeys (D:9)
  2 crimson imps
  6 hounds
  4 orc priests
  7 orc wizards
  2 iguanas
  Jessica (D:2)
  Natasha (thrice) (D:4)
  4 worker ants
  4 sheep (D:7)
  A worker ant zombie (D:8)
  Robin (D:3)
  A howler monkey skeleton (D:9)
  8 adders
  A shadow imp (D:5)
  An ooze (D:2)
  2 adder skeletons
  An adder zombie (D:5)
  5 worms
  3 dart slugs
  4 giant geckos
  29 orcs
  2 ball pythons
  6 bats
  9 giant cockroaches
  13 hobgoblins
  16 jackals
  9 kobolds
  4 quokkas
  5 giant newts
  18 goblins
  2 quokka skeletons (D:5)
  A quokka zombie (D:8)
  8 rats
240 creatures vanquished.

Vanquished Creatures (others)
  4 toadstools (D:1)
4 creatures vanquished.

Grand Total: 244 creatures vanquished

Notes
Turn   | Place    | Note
--------------------------------------------------------------
     0 | D:1      | manyhoops the Ogre Hunter began the quest for the Orb.
     0 | D:1      | Reached XP level 1. HP: 22/22 MP: 1/1
   170 | D:1      | Reached XP level 2. HP: 26/29 MP: 2/2
   530 | D:1      | Reached XP level 3. HP: 36/36 MP: 3/3
   591 | D:1      | Reached skill level 5 in Throwing
  1162 | D:2      | Noticed Jessica
  1164 | D:2      | Killed Jessica
  1164 | D:2      | Reached XP level 4. HP: 45/45 MP: 4/4
  1348 | D:2      | Reached XP level 5. HP: 49/53 MP: 5/5
  1367 | D:2      | Reached skill level 1 in Maces & Flails
  1963 | D:3      | Found a basalt altar of Yredelemnul.
  1966 | D:3      | Found a shadowy altar of Dithmenos.
  1981 | D:3      | Noticed Robin
  1992 | D:3      | Killed Robin
  2304 | D:3      | Noticed Rationalist's ghost (amateur DsGl)
  2608 | D:3      | Reached XP level 6. HP: 56/61 MP: 6/6
  2679 | D:3      | Found a glowing silver altar of Zin.
  2829 | D:4      | Reached skill level 2 in Maces & Flails
  2877 | D:4      | Noticed Natasha
  2890 | D:4      | Killed Natasha
  3156 | D:4      | Noticed Natasha
  3163 | D:4      | Killed Natasha
  3320 | D:4      | Reached XP level 7. HP: 55/71 MP: 7/7
  3324 | D:4      | Noticed Natasha
  3325 | D:4      | Reached skill level 3 in Maces & Flails
  3327 | D:4      | Killed Natasha
  3909 | D:5      | Entered Level 5 of the Dungeon
  3929 | D:4      | Reached skill level 5 in Fighting
  4104 | D:5      | Reached skill level 4 in Maces & Flails
  4133 | D:5      | Reached XP level 8. HP: 62/80 MP: 8/8
  4286 | D:5      | Found a stormy altar of Qazlal.
  4798 | D:5      | Found a staircase to the Ecumenical Temple.
  4914 | Temple   | Entered the Ecumenical Temple
  4943 | Temple   | Became a worshipper of Warmaster Okawaru
  5045 | D:6      | Reached skill level 5 in Maces & Flails
  5176 | D:6      | Noticed Grinder
  5181 | D:6      | Killed Grinder
  5181 | D:6      | Reached skill level 6 in Maces & Flails
  5422 | D:6      | Found a shadowy altar of Dithmenos.
  5445 | D:6      | Reached XP level 9. HP: 64/93 MP: 9/9
  5557 | D:6      | Found Hasadal's Book Shoppe.
  5727 | D:6      | Found Fashreu's Antique Weapon Shop.
  5735 | D:6      | Bought a runed mace for 66 gold pieces
  5735 | D:6      | Bought a runed flail for 77 gold pieces
  5746 | D:6      | Reached * piety under Okawaru
  5746 | D:6      | Reached skill level 7 in Maces & Flails
  5784 | D:6      | Found Yhofopox's Magic Scroll Boutique.
  5837 | D:6      | Bought a scroll of identify for 26 gold pieces
  5837 | D:6      | Bought a scroll of identify for 26 gold pieces
  6211 | D:6      | Found Jiukab's Weapon Boutique.
  6447 | D:7      | Reached skill level 8 in Maces & Flails
  6485 | D:7      | Found Qajiutod's Book Shop.
  6703 | D:7      | Found an ancient bone altar of Kikubaaqudgha.
  6707 | D:7      | Found an oddly glowing altar of Pakellas.
  6707 | D:7      | Found a sacrificial altar of Ru.
  6820 | D:7      | Noticed Menkaure
  6824 | D:7      | Killed Menkaure
  6858 | D:7      | Reached skill level 9 in Maces & Flails
  6869 | D:7      | Reached ** piety under Okawaru
  7487 | D:8      | Reached skill level 10 in Maces & Flails
  7659 | D:8      | Reached XP level 10. HP: 17/107 MP: 7/10
  8039 | D:8      | Found a staircase to the Lair.
  8295 | D:8      | Reached skill level 11 in Maces & Flails
  8345 | D:8      | Noticed Psyche
  8353 | D:8      | Killed Psyche
  8503 | D:8      | Reached skill level 10 in Fighting
  8547 | D:8      | Found a stormy altar of Qazlal.
  8918 | D:7      | Reached *** piety under Okawaru
  9197 | D:9      | Found a blossoming altar of Fedhas.
  9335 | D:9      | Reached skill level 10 in Throwing
  9481 | D:9      | Reached skill level 12 in Maces & Flails
  9506 | D:9      | Reached **** piety under Okawaru
  9673 | D:9      | Found a sparkling altar of Nemelex Xobeh.
  9746 | D:10     | Entered Level 10 of the Dungeon
  9757 | D:10     | Noticed Harold
  9763 | D:10     | Killed Harold
  9763 | D:10     | Reached skill level 13 in Maces & Flails
  9763 | D:10     | Reached XP level 11. HP: 107/120 MP: 11/11
  9950 | D:10     | HP: 4/120 [poisoned by an orc warrior]
  9953 | D:10     | HP: 1/120 [orc warrior/trident of venom (16)]
  9955 | D:10     | Noticed Fannar
  9961 | D:10     | HP: 4/120 [poisoned by an orc warrior]
  9962 | D:9      | Succumbed to an orc warrior's poison

Skill      XL: |  1  2  3  4  5  6  7  8  9 10 |
---------------+-------------------------------+-----
Throwing       | 5 6 7 8 9 10 | 10.2
Fighting       | 3 4 5 7 9 11 | 11.2
Maces & Flails | 1 2 4 6 10 13 | 13.4
Dodging        | |  1.7
Stealth        | |  0.7
Invocations    | |  0.2
Evocations     | |  0.5

Action                   |  1- 3 |  4- 6 |  7- 9 | 10-12 || total
-------------------------+-------+-------+-------+-------++-------
Melee: Club              |    20 |    29 |   149 |       ||   198
       Short sword       |     3 |       |       |       ||     3
       Mace              |       |       |   103 |   171 ||   274
       Punch             |       |       |       |     1 ||     1
 Fire: Hunting sling     |    68 |   198 |    75 |       ||   341
Throw: Large rock        |    15 |       |    36 |    20 ||    71
       Throwing net      |     2 |       |     3 |       ||     5
       Stone             |       |       |    10 |     7 ||    17
Invok: Heroism           |       |       |     1 |     3 ||     4
Evoke: Wand              |       |       |     2 |     2 ||     4
  Use: Scroll            |       |     4 |     8 |     3 ||    15
       Potion            |       |       |     1 |     5 ||     6
 Stab: Sleeping          |       |       |     2 |       ||     2
       Distracted        |       |       |     1 |       ||     1
       Invisible         |       |       |       |     3 ||     3
  Eat: Chunk             |       |     5 |     6 |     8 ||    19
       Beef jerky        |       |     1 |       |       ||     1
       Bread ration      |       |       |     3 |       ||     3
Armor: Robe              |    16 |    38 |    82 |    46 ||   182
Dodge: Dodged            |    23 |    63 |   209 |   109 ||   404
